 Dungeon Crawl Stone Soup version 0.30.1-9-gdf580d7c3d (webtiles) character file.

Game seed: 12416629019423587306

3455 Renzlar the Blocker (level 10, -10/123 HPs)
             Began as a Gnoll Fighter on Oct 21, 2023.
             Was an Initiate of Okawaru.
             Mangled by an ogre
             ... wielding a +0 halberd
              (15 damage)
             ... in a bailey.
             The game lasted 00:26:14 (6562 turns).

Renzlar the Blocker (Gnoll Fighter)                 Turns: 6562, Time: 00:26:15

Health: -10/123    AC: 29    Str: 24    XL:     10   Next: 6%
Magic:  17/17      EV:  2    Int: 11    God:    Okawaru [......]
Gold:   395        SH:  6    Dex: 14    Spells: 16/19 levels left

rFire   . . .        a - +1 war axe
rCold   . . .        n - +0 buckler
rNeg    . . .        b - melded +1 scale mail
rPois   +            u - melded +1 hat
rElec   .            x - melded +0 cloak
rCorr   .            q - melded +0 pair of gloves
SInv    .            (boots currently unavailable)
Will    .....        (no amulet)
Stlth   +++          f - +4 ring of protection
HPRegen 0.40/turn    t - ring of Free Expression {Str+6 Int+4}
MPRegen 0.15/turn

%: no passive effects
@: tree-form (expiring)
A: stationary, stasis, torment immunity, boosted hp, (fangs 1), strong nose,
distributed training
a: Renounce Religion


You were in a bailey.
You worshipped Okawaru.
Okawaru was noncommittal.
You were a tree.
You visited 2 branches of the dungeon, and saw 8 of its levels.
You also visited: Bailey.

You collected 395 gold pieces.

Inventory:

Hand Weapons
 a - a +1 war axe (weapon)
 c - a +0 sling
 k - a +1 heavy long sword
 l - the +6 falchion of Charity {drain, rCorr}
   (You found it on level 2 of the Dungeon)

   rCorr:     It protects you from acid and corrosion.
 z - the +5 flail of Luxury {pain, rPois}
   (You took it off an orc priest on level 6 of the Dungeon)

   rPois:     It protects you from poison.
Missiles
 w - 4 poisoned darts
Armour
 b - a +1 scale mail (melded)
 n - a +0 buckler (worn)
 q - a +0 pair of gloves (melded)
 u - a +1 hat (melded)
 x - a +0 cloak (melded)
Jewellery
 f - a +4 ring of protection (left branch)
 t - the ring of Free Expression (right branch) {Str+6 Int+4}
   (You found it on level 3 of the Dungeon)

   [ring of strength]

   Str:       It affects your strength (+6).
   Int:       It affects your intelligence (+4).
 v - a +4 ring of protection
Wands
 d - a wand of polymorph (18)
 m - a wand of flame (38)
 y - a wand of quicksilver (5)
 B - a wand of paralysis (7)
Scrolls
 h - a scroll of enchant armour
 j - 2 scrolls of teleportation
 r - a scroll of blinking
 A - a scroll of identify
Potions
 e - 5 potions of flight
 g - a potion of haste
 i - 2 potions of curing
 o - a potion of magic
 p - a potion of lignification
 s - 2 potions of mutation


   Skills:
 + Level 8.4 Fighting
 + Level 5.1 Short Blades
 + Level 5.1 Long Blades
 + Level 6.9 Axes
 + Level 5.1 Maces & Flails
 + Level 5.1 Polearms
 + Level 5.1 Staves
 + Level 5.1 Ranged Weapons
 + Level 5.1 Throwing
 + Level 8.4 Armour
 + Level 5.1 Dodging
 + Level 5.1 Stealth
 + Level 8.4 Shields
 + Level 5.1 Unarmed Combat
 + Level 5.1 Spellcasting
 + Level 4.2 Conjurations
 + Level 4.2 Hexes
 + Level 4.2 Summonings
 + Level 4.2 Necromancy
 + Level 4.2 Translocations
 + Level 4.2 Transmutations
 + Level 4.2 Fire Magic
 + Level 4.2 Ice Magic
 + Level 4.2 Air Magic
 + Level 4.2 Earth Magic
 + Level 4.2 Poison Magic
 + Level 5.6 Invocations
 + Level 5.1 Evocations


You had 16 spell levels left.
You knew the following spells:

 Your Spells              Type           Power      Damage    Failure   Level
a - Stone Arrow           Conj/Erth      24%        3d8       13%         3

Your spell library contained the following spells:

 Spells                   Type           Power      Damage    Failure   Level
 Sandblast                Erth           24%        2d8       4%          1
 Ensorcelled Hibernation  Hex/Ice        24%        N/A       7%          2
 Passwall                 Tmut/Erth      10%        N/A       7%          2
 Spider Form              Tmut/Pois      12%        N/A       13%         3
 Anguish                  Hex/Necr       6%         N/A       41%         4
 Summon Small Mammal      Summ           Unusable   N/A       N/A         1
 Call Canine Familiar     Summ           Unusable   N/A       N/A         3
 Summon Guardian Golem    Hex/Summ       Unusable   N/A       N/A         3

Dungeon Overview and Level Annotations

Branches:
Dungeon (7/15)             Temple (1/1) D:7          Bailey (1/1)

Altars:
Ashenzari
Dithmenos
Fedhas
Hepliaklqana
Kikubaaqudgha
Makhleb
Okawaru
Qazlal
Ru
Sif Muna
Trog
Uskayaw
Vehumet
Xom
Zin
The Shining One

Shops:
D:5 (   D:6 :

Annotations:
Temple 4 transporters


Innate Abilities, Weirdness & Mutations

You are a tree.
Your roots penetrate the ground, keeping you stationary.
You cannot be teleported.
You are immune to unholy pain and torment.
Your maximum health is greatly increased.
Your equipment is partially melded.
((You have very sharp teeth.))
Your uncanny sense of smell can sniff out nearby items.
Your experience applies equally to all skills.


Message History

The spriggan is almost dead.
You barely miss the spriggan. The spriggan hits you with a +0 spear.
* * * LOW HITPOINT WARNING * * *
The spriggan hits you but does no damage.
Unknown command.
Unknown command.
You slice the spriggan!!
You kill the spriggan!
Okawaru accepts your kill.
You closely miss the spriggan.
The spriggan hits you but does no damage.
Unknown command.
You closely miss the spriggan.
The spriggan is severely wounded.
The spriggan hits you but does no damage.
An ogre comes into view. It is wielding a +0 halberd.
The ogre shouts!
You hit the spriggan.
The spriggan is severely wounded.
The spriggan hits you with a +0 spear!
* * * LOW HITPOINT WARNING * * *
The spriggan hits you but does no damage.
Unknown command.
You hit the spriggan.
The spriggan is almost dead.
The spriggan hits you but does no damage.
You completely miss the spriggan.
The spriggan is almost dead.
Your transformation is almost over.
The spriggan hits you with a +0 spear!
* * * LOW HITPOINT WARNING * * *
Unknown command.
You barely miss the spriggan.
The spriggan is almost dead.
The ogre hits you but does no damage. You block the spriggan's attack.
You barely miss the spriggan.
The spriggan is almost dead.
The spriggan hits you but does no damage.
The ogre hits you from afar with a +0 halberd!
You die...

∆ #..~~~.....
# ∆∆
#..~~)...). #.
∆∆ #..~~)..∩..
#..
♣#..###.....
#.. ##..##
#..... #..
##..## ##...#
#..##♣###♣..##
##.##
#....)....##
###
##.Oi♣.).##
#########


You could see an ogre and a spriggan.

Vanquished Creatures
  Pikel (D:4)
  An unseen horror (D:6)
  Grinder (D:4)
  Sigmund (D:2)
  2 spriggans (Bailey)
  A steam dragon (D:7)
  Edmund (D:4)
  A sky beast (D:6)
  5 ogres
  A centaur (D:7)
  2 scorpions
  A wight (D:7)
  5 killer bees (D:5)
  A gnoll bouda (D:4)
  A jelly (D:5)
  4 orc priests
  2 sleepcaps
  2 hounds (D:5)
  Terence (D:2)
  6 iguanas
  Natasha (thrice) (D:2)
  3 orc wizards
  9 gnolls
  5 adders
  A shadow imp (D:6)
  2 ufetubi
  A worm (D:3)
  2 dart slugs (D:2)
  24 orcs
  A bat (D:1)
  3 endoplasms
  2 giant cockroaches
  4 goblins
  8 hobgoblins
  2 quokkas
  6 ball pythons
  4 frilled lizards
  5 kobolds
  7 rats
  A butterfly (D:5)
133 creatures vanquished.

Vanquished Creatures (others)
  An orc (D:6)
1 creature vanquished.

Grand Total: 134 creatures vanquished

Notes
Turn   | Place    | Note
-------+----------+-------------------------------------------
     0 | D:1      | Renzlar the Gnoll Fighter began the quest for the Orb.
     0 | D:1      | Reached XP level 1. HP: 23/23 MP: 1/1
   474 | D:1      | Reached XP level 2. HP: 26/29 MP: 2/2
  1136 | D:2      | Identified the +6 falchion of Charity {drain, rCorr}
  1190 | D:2      | Reached XP level 3. HP: 35/35 MP: 3/3
  1253 | D:2      | Noticed Terence
  1268 | D:2      | Killed Terence
  1269 | D:2      | Reached skill level 1 in Short Blades
  1269 | D:2      | Reached skill level 1 in Long Blades
  1269 | D:2      | Reached skill level 1 in Maces & Flails
  1269 | D:2      | Reached skill level 1 in Polearms
  1269 | D:2      | Reached skill level 1 in Staves
  1269 | D:2      | Reached skill level 1 in Ranged Weapons
  1269 | D:2      | Reached skill level 1 in Throwing
  1269 | D:2      | Reached skill level 1 in Dodging
  1269 | D:2      | Reached skill level 1 in Stealth
  1269 | D:2      | Reached skill level 1 in Unarmed Combat
  1269 | D:2      | Reached skill level 1 in Spellcasting
  1269 | D:2      | Reached skill level 1 in Invocations
  1269 | D:2      | Reached skill level 1 in Evocations
  1341 | D:2      | Noticed Sigmund
  1346 | D:2      | Noticed Natasha
  1349 | D:2      | Killed Sigmund
  1350 | D:2      | Reached skill level 1 in Conjurations
  1350 | D:2      | Reached skill level 1 in Hexes
  1350 | D:2      | Reached skill level 1 in Summonings
  1350 | D:2      | Reached skill level 1 in Necromancy
  1350 | D:2      | Reached skill level 1 in Translocations
  1350 | D:2      | Reached skill level 1 in Transmutations
  1350 | D:2      | Reached skill level 1 in Fire Magic
  1350 | D:2      | Reached skill level 1 in Ice Magic
  1350 | D:2      | Reached skill level 1 in Air Magic
  1350 | D:2      | Reached skill level 1 in Earth Magic
  1350 | D:2      | Reached skill level 1 in Poison Magic
  1350 | D:2      | Reached XP level 4. HP: 31/41 MP: 4/6
  1350 | D:2      | Reached XP level 5. HP: 36/47 MP: 4/7
  1353 | D:2      | Killed Natasha
  1354 | D:2      | Reached XP level 6. HP: 39/53 MP: 4/8
  1671 | D:2      | Noticed Natasha
  1679 | D:2      | Killed Natasha
  1680 | D:2      | Reached skill level 5 in Axes
  1795 | D:2      | Noticed Natasha
  1801 | D:2      | Killed Natasha
  2124 | D:3      | Found a glowing silver altar of Zin.
  2183 | D:3      | Found a sacrificial altar of Ru.
  2314 | D:3      | Found a shimmering blue altar of Sif Muna.
  2784 | D:3      | Noticed a black bear
  2845 | D:3      | Identified the ring of Free Expression {Str+6 Int+4}
  3236 | D:4      | Reached XP level 7. HP: 12/60 MP: 10/10
  3238 | D:4      | HP: 1/60 [orc priest/divine providence (12)]
  3499 | D:4      | Noticed Edmund
  3521 | D:4      | Killed Edmund
  3650 | D:4      | Found a blossoming altar of Fedhas.
  3860 | D:4      | Noticed Pikel
  3897 | D:4      | Killed Pikel
  3898 | D:4      | Reached XP level 8. HP: 54/67 MP: 12/12
  3968 | D:4      | Found a broken altar of Ashenzari.
  4097 | D:4      | Noticed Grinder
  4107 | D:4      | Killed Grinder
  4238 | D:5      | Entered Level 5 of the Dungeon
  4449 | D:5      | Found a hide-covered altar of Uskayaw.
  4469 | D:5      | Found a stormy altar of Qazlal.
  4499 | D:5      | Reached XP level 9. HP: 43/73 MP: 14/14
  4904 | D:5      | Found a shimmering altar of Xom.
  4982 | D:5      | Found Uhaimado's Weapon Boutique.
  5142 | D:5      | Found a faded altar of an unknown god.
  5144 | D:5      | Found a hazy altar of Hepliaklqana.
  5144 | D:5      | Found a faded altar of an unknown god.
  5325 | D:6      | Found Faalalirch's Book Shop.
  5620 | D:6      | Identified the +5 flail of Luxury {pain, rPois}
  5890 | D:6      | Killed an unseen horror
  6053 | D:7      | Found a bloodstained altar of Trog.
  6062 | D:7      | Reached skill level 5 in Invocations
  6364 | D:7      | Found a staircase to the Ecumenical Temple.
  6368 | D:7      | Found a flagged portal.
  6371 | Temple   | Entered the Ecumenical Temple
  6371 | Temple   | Found a transporter.
  6371 | Temple   | Found a transporter.
  6373 | Temple   | Found a transporter.
  6373 | Temple   | Found a transporter.
  6389 | Temple   | Became a worshipper of Warmaster Okawaru
  6416 | Bailey   | Entered a bailey
  6450 | Bailey   | Learned a level 3 spell: Stone Arrow
  6535 | Bailey   | Reached skill level 5 in Short Blades
  6535 | Bailey   | Reached skill level 5 in Long Blades
  6535 | Bailey   | Reached skill level 5 in Maces & Flails
  6535 | Bailey   | Reached skill level 5 in Polearms
  6535 | Bailey   | Reached skill level 5 in Staves
  6535 | Bailey   | Reached skill level 5 in Ranged Weapons
  6535 | Bailey   | Reached skill level 5 in Throwing
  6535 | Bailey   | Reached skill level 5 in Dodging
  6535 | Bailey   | Reached skill level 5 in Stealth
  6535 | Bailey   | Reached skill level 5 in Unarmed Combat
  6535 | Bailey   | Reached skill level 5 in Spellcasting
  6535 | Bailey   | Reached skill level 5 in Evocations
  6535 | Bailey   | Reached XP level 10. HP: 57/81 MP: 17/17
  6560 | Bailey   | HP: 4/123 [spriggan/+0 spear (11)]
  6562 | Bailey   | Mangled by an ogre

Illustrated notes

Levels and vault maps discovered:
D:1:      dpeg_arrival_ratfight, layout_basic, serial_glass, glass_columns_a,
          glass_columns_c, due_unseen_surprise
D:2:      layout_basic, uniq_terence, uniq_natasha, uniq_sigmund
D:3:      minmay_skewed_foursquare, layout_loops_corners,
          overflow_temple_1_default, lemuel_blue_sif_altar,
          nicolae_overflow_crystal_walls, lightli_corner_chamber
D:4:      layout_basic, ashenzari_conservatory_becter, fedhas_ov_isle_minmay,
          uniq_edmund, uniq_grinder, uniq_pikel
D:5:      layout_rooms, mainiacjoe_overflow_brackets,
          nicolae_hepliaklqana_ecumenical_no_more,
          mainiacjoe_overflow_surrounded_room, xom_butterflies, serial_shops,
          nicolae_shop_real_fake_doors
D:6:      layout_basic, serial_shops, shop
D:7:      layout_cave_pools, amcnicky_altar_gilded,
          mainiacjoe_overflow_small_starburst, minmay_temple_entry_trees,
          serial_rivers, chequers_serial_rivers_micro_c,
          chequers_serial_rivers_room_a, chequers_serial_rivers_room_a,
          chequers_serial_rivers_micro_b, chequers_serial_rivers_room_b,
          enter_bailey_2
Temple:   hellmonk_temple_divided_pantheon
Bailey:   bailey_polearm_enchanted_keep_hellmonk, bailey

Skill      XL: |  1  2  3  4  5  6  7  8  9 |
---------------+----------------------------+-----
Short Blades   | 1 2 3 5 |  5.1
Long Blades    | 1 2 3 5 |  5.1
Maces & Flails | 1 2 3 5 |  5.1
Polearms       | 1 2 3 5 |  5.1
Staves         | 1 2 3 5 |  5.1
Ranged Weapons | 1 2 3 5 |  5.1
Throwing       | 1 2 3 5 |  5.1
Dodging        | 1 2 3 5 |  5.1
Stealth        | 1 2 3 5 |  5.1
Unarmed Combat | 1 2 3 5 |  5.1
Spellcasting   | 1 2 3 5 |  5.1
Invocations    | 2 3 4 5 |  5.6
Evocations     | 1 2 3 5 |  5.1
Conjurations   | 1 2 3 4 |  4.2
Hexes          | 1 2 3 4 |  4.2
Summonings     | 1 2 3 4 |  4.2
Necromancy     | 1 2 3 4 |  4.2
Translocations | 1 2 3 4 |  4.2
Transmutations | 1 2 3 4 |  4.2
Fire Magic     | 1 2 3 4 |  4.2
Ice Magic      | 1 2 3 4 |  4.2
Air Magic      | 1 2 3 4 |  4.2
Earth Magic    | 1 2 3 4 |  4.2
Poison Magic   | 1 2 3 4 |  4.2
Axes           | 5 6 |  6.9
Fighting       | 7 8 |  8.4
Armour         | 7 8 |  8.4
Shields        | 7 8 |  8.4

Action                     |  1- 3 |  4- 6 |  7- 9 | 10-12 || total
---------------------------+-------+-------+-------+-------++-------
  Melee: War axe           |    42 |       |       |    16 ||    58
         Bite              |     3 |    11 |    20 |     1 ||    35
         Falchion          |    20 |    74 |   162 |       ||   256
         Long sword        |       |       |    19 |       ||    19
         Flail             |       |       |    33 |     6 ||    39
   Fire: Sling             |       |    71 |   121 |       ||   192
  Evoke: Wand              |       |       |     5 |     1 ||     6
    Use: Scroll            |     5 |     7 |     5 |       ||    17
         Potion            |     4 |       |     2 |     3 ||     9
 Armour: Scale mail        |    29 |    24 |   150 |     5 ||   208
         Skin              |       |       |       |    16 ||    16
  Dodge: Dodged            |    16 |    28 |   122 |     5 ||   171
  Block: Buckler           |    15 |    18 |    84 |    15 ||   132
